 Dungeon Crawl Stone Soup version 0.20.1-1-g8b1a95d (webtiles) character file.

16384 vineage the Basher (level 12, -3/76 HPs)
             Began as a Gargoyle Fighter on Sept 2, 2017.
             Was the Champion of Okawaru.
             Slain by a two-headed ogre
             ... wielding a +0 giant spiked club
              (8 damage)
             ... on level 1 of the Orcish Mines.
             The game lasted 00:25:04 (12631 turns).

vineage the Basher (Gargoyle Fighter)              Turns: 12631, Time: 00:25:05

Health: -3/76      AC: 26    Str: 26    XL:     12   Next: 36%
Magic:  11/12      EV: 15    Int:  9    God:    Okawaru [******]
Gold:   1081       SH:  0    Dex: 10    Spells: 11/11 levels left

rFire    . . .     SeeInvis .   g - +7 great mace (venom)
rCold    . . .     Gourm    .   (shield currently unavailable)
rNeg     + . .     Faith    .   p - +3 ring mail {MR+}
rPois    ∞         Spirit   .   J - +2 helmet
rElec    +         Reflect  .   y - +0 cloak
rCorr    .         Harm     .   A - +0 pair of gloves
MR       ++...                  (no boots)
Stlth    +++.......             (no amulet)
Regen    0.3/turn               r - ring of protection from magic
MPRegen  0.2/turn               T - +2 ring of strength

@: heroism, flying
A: negative energy resistance 1, electricity resistance, unbreathing,
petrification resistance, rot immunity, AC +8
a: Heroism, Finesse, Renounce Religion


You were on level 1 of the Orcish Mines.
You worshipped Okawaru.
Okawaru was exalted by your worship.
You were hungry.

You visited 3 branches of the dungeon, and saw 13 of its levels.
You also visited: Ossuary and Bailey.

You collected 1081 gold pieces.

Inventory:

Hand Weapons
 a - a +1 flail
 g - a +7 great mace of venom (weapon)
 S - a +2 morningstar of protection
Missiles
 Q - 35 tomahawks of returning (quivered)
Armour
 b - a +0 scale mail
 c - a +1 shield
 m - a +2 hat
 p - a +3 ring mail of magic resistance (worn)
 y - a +0 cloak (worn)
 A - a +0 pair of gloves (worn)
 J - a +2 helmet (worn)
Jewellery
 n - a +4 ring of intelligence
 r - a ring of protection from magic (left hand)
 s - the ring "Rofo" {+Blink rC+ Str-4 SInv}
   (You found it on level 8 of the Dungeon)

   [ring of see invisible]

   It affects your strength (-4).
   It protects you from cold.
   It lets you see invisible.
   It lets you blink.
 x - an uncursed ring of ice
 C - a cursed ring of loudness {unknown}
 I - an uncursed ring of resist corrosion
 R - an uncursed ring of magical power
 T - a +2 ring of strength (right hand)
Wands
 d - a wand of clouds (4/9)
 l - a wand of digging (7/24)
 t - a wand of paralysis (14/24)
 u - a wand of paralysis (24/24)
 D - a wand of paralysis (10/24)
 G - a wand of clouds (3/9)
 U - a wand of paralysis (16/24)
Scrolls
 k - 4 scrolls of recharging
 o - 2 scrolls of remove curse
 B - 4 scrolls of identify
 N - a scroll of magic mapping
Potions
 e - a potion of curing
 h - 3 potions of ambrosia
 i - a potion of haste
 j - 3 potions of resistance
 q - 2 potions of agility
 v - a potion of flight
 w - 2 potions of berserk rage
 z - 2 potions of cancellation
 M - a potion of degeneration {unknown}
Books
 H - a book of Flames

   Spells                             Type                      Level
   a - Flame Tongue                   Conjuration/Fire             1
   b - Throw Flame                    Conjuration/Fire             2
   c - Conjure Flame                  Conjuration/Fire             3
   d - Inner Flame                    Hexes/Fire                   3
   e - Sticky Flame                   Conjuration/Fire             4
   f - Fireball                       Conjuration/Fire             5
 K - a book of Battle

   Spells                             Type                      Level
   a - Infusion                       Charms                       1
   b - Shroud of Golubria             Charms/Translocation         2
   c - Song of Slaying                Charms                       2
   d - Spectral Weapon                Hexes/Charms                 3
   e - Regeneration                   Charms/Necromancy            3
Comestibles
 f - 10 bread rations
 E - 5 meat rations
 F - 3 fruits
 O - a royal jelly


   Skills:
 + Level 9.0(14.0) Fighting
 + Level 12.2(17.2) Maces & Flails
 + Level 2.1(7.1) Throwing
 + Level 7.3(12.3) Armour
 + Level 4.9(9.9) Dodging
 + Level 2.0(7.0) Stealth
 + Level 11.5(16.5) Shields
 + Level 1.0 Invocations


You had 11 spell levels left.
You didn't know any spells.

Dungeon Overview and Level Annotations

Branches:
Dungeon (11/15)            Temple (1/1) D:4            Lair (0/6) D:10
    Orc (1/2) D:11

Altars:
Ashenzari
Dithmenos
Elyvilon
Hepliaklqana
Kikubaaqudgha
Okawaru
Ru
Sif Muna
Trog
Uskayaw
Vehumet
Xom
Yredelemnul
Zin
The Shining One
Beogh


Innate Abilities, Weirdness & Mutations

You are resistant to torment.
Your stone body is resilient. (AC +8)
You are immune to poison.
You resist negative energy. (rN+)
You are resistant to electric shocks. (rElec)
You can survive without breathing.
You are immune to petrification.
You are immune to rotting.


Message History

You sock the two-headed ogre!
The two-headed ogre looks as sick as possible!
The two-headed ogre is heavily wounded.
The ogre misses you.
The two-headed ogre hits you but does no damage. x2
You bludgeon the two-headed ogre!!
The two-headed ogre looks as sick as possible!
The two-headed ogre is almost dead.
The two-headed ogre barely misses you. The two-headed ogre closely misses you.
The ogre closely misses you.
You hit the two-headed ogre.
The two-headed ogre looks as sick as possible!
The two-headed ogre is almost dead.
The two-headed ogre hits you but does no damage.
The two-headed ogre misses you.
You barely miss the two-headed ogre.
The two-headed ogre is almost dead.
The two-headed ogre completely misses you. x2
The two-headed ogre hits you with a giant spiked club!
You die...

###.....### #.....###.#
##......... #...##.
####...... .......
###.####.#....#.
#......
##.##.##.........
#......
#...#.#...#.##...
##.....
##......#####.....
#......
#@O.......##......
#...##OO....#......##.#
#.#.)O)...........####
#.......#.#.......#
##.......#.......##
#####..##.....###
#.#.).....##
####.....## ##.......#


You could see 2 two-headed ogres and 2 ogres.

Vanquished Creatures
  Erolcha (D:11)
  An ogre mage (Orc:1)
  3 two-headed ogres
  Pikel (D:6)
  2 orc knights (Bailey)
  A gargoyle (D:11)
  A komodo dragon (D:11)
  A troll (D:11)
  2 hippogriffs
  4 wyverns
  4 wraiths
  22 yaks
  A warg (Orc:1)
  A soldier ant (D:11)
  An acid dragon (D:9)
  2 water moccasins
  A slave (D:6)
  An ice beast (D:7)
  A sky beast (D:9)
  A black bear (D:11)
  10 orc warriors
  A necrophage (D:7)
  3 ogres
  3 phantoms
  9 centaurs (D:11)
  A hornet zombie (D:9)
  A big kobold (D:8)
  Blork the orc (D:4)
  2 elf zombies (Ossuary)
  6 bullfrogs
  2 scorpions
  10 killer bees
  A crimson imp (D:11)
  A bullfrog zombie (D:11)
  2 centaur zombies
  3 jellies
  11 orc priests
  4 hounds
  A human zombie (Ossuary)
  4 orc wizards
  2 centaur skeletons
  6 bullfrog skeletons
  2 iguanas
  8 worker ants
  3 big kobold zombies (Ossuary)
  2 mummies (Ossuary)
  A worker ant zombie (D:8)
  9 gnolls
  14 adders
  A howler monkey skeleton (D:7)
  2 shadow imps
  2 oozes
  An adder skeleton (D:4)
  2 adder zombies
  4 worms
  3 dart slugs
  6 leopard geckos
  44 orcs
  2 bats (D:2)
  4 giant cockroaches
  12 goblins
  10 hobgoblins
  2 jackals (D:5)
  18 kobolds
  4 quokkas
  A ball python (D:2)
  5 frilled lizards
  A goblin zombie (Ossuary)
  8 hobgoblin zombies (Ossuary)
  12 kobold zombies (Ossuary)
  A leopard gecko skeleton (D:6)
  9 orc zombies (Ossuary)
  A quokka skeleton (D:6)
  A quokka zombie (D:8)
  8 rats
339 creatures vanquished.

Notes
Turn   | Place    | Note
-------+----------+-------------------------------------------
     0 | D:1      | vineage the Gargoyle Fighter began the quest for the Orb.
     0 | D:1      | Reached XP level 1. HP: 14/14 MP: 1/1
   203 | D:1      | Reached XP level 2. HP: 19/19 MP: 2/2
   912 | D:2      | Reached XP level 3. HP: 13/23 MP: 3/3
  1068 | D:2      | Reached XP level 4. HP: 8/29 MP: 4/4
  1428 | D:2      | Reached skill level 1 in Dodging
  1675 | D:3      | Reached skill level 3 in Maces & Flails
  1742 | D:3      | Reached XP level 5. HP: 33/33 MP: 5/5
  2029 | D:3      | Reached XP level 6. HP: 11/38 MP: 6/6
  2985 | D:4      | Found a staircase to the Ecumenical Temple.
  3006 | Temple   | Entered the Ecumenical Temple
  3047 | Temple   | Became a worshipper of Warmaster Okawaru
  3083 | D:4      | Reached skill level 4 in Maces & Flails
  3386 | D:4      | Noticed Blork the orc
  3415 | D:4      | HP: 2/57 [something (4)]
  3417 | D:4      | Killed Blork the orc
  3417 | D:4      | Reached skill level 5 in Shields
  3924 | D:5      | Entered Level 5 of the Dungeon
  4023 | D:5      | Noticed a phantom
  4043 | D:5      | Killed a phantom
  4043 | D:5      | Reached * piety under Okawaru
  4043 | D:5      | Reached XP level 7. HP: 41/44 MP: 7/7
  5011 | D:6      | Reached skill level 5 in Maces & Flails
  5199 | D:6      | Reached skill level 5 in Fighting
  5199 | D:6      | Reached XP level 8. HP: 39/49 MP: 8/8
  5248 | D:6      | Noticed Pikel
  5272 | D:6      | Killed Pikel
  5272 | D:6      | Reached ** piety under Okawaru
  5272 | D:6      | Reached skill level 6 in Maces & Flails
  5272 | D:6      | Reached skill level 5 in Armour
  5824 | D:7      | Reached skill level 7 in Maces & Flails
  5824 | D:7      | Reached XP level 9. HP: 55/55 MP: 9/9
  5838 | D:7      | Reached *** piety under Okawaru
  5838 | D:7      | Reached skill level 1 in Stealth
  6304 | D:7      | Found a deep blue altar of Sif Muna.
  6304 | D:7      | Found a white marble altar of Elyvilon.
  6304 | D:7      | Found a shattered altar of Ashenzari.
  6661 | D:8      | Reached skill level 8 in Maces & Flails
  6681 | D:8      | Got a smoking bone ring
  6774 | D:8      | Found a sand-covered staircase.
  6819 | Ossuary  | Entered an ossuary
  7486 | D:8      | Reached **** piety under Okawaru
  7556 | D:8      | Identified the ring "Rofo" {+Blink rC+ Str-4 SInv} (You found it on level 8 of the Dungeon)
  7612 | D:9      | Reached skill level 9 in Maces & Flails
  7612 | D:9      | Reached XP level 10. HP: 36/61 MP: 10/10
  8162 | D:9      | Reached skill level 10 in Maces & Flails
  8169 | D:9      | Reached ***** piety under Okawaru
  8909 | D:10     | Entered Level 10 of the Dungeon
  9121 | D:10     | Found a flagged portal.
  9134 | Bailey   | Entered a bailey
  9149 | Bailey   | Noticed an orc knight
  9171 | Bailey   | Noticed an orc knight
  9349 | Bailey   | Killed an orc knight
  9349 | Bailey   | Reached skill level 1 in Throwing
  9349 | Bailey   | Reached XP level 11. HP: 47/67 MP: 11/11
  9648 | Bailey   | Killed an orc knight
 10370 | D:10     | Reached skill level 11 in Maces & Flails
 10461 | D:10     | Found a staircase to the Lair.
 10690 | D:11     | Received a gift from Okawaru
 10768 | D:11     | Found a staircase to the Orcish Mines.
 10785 | D:11     | Found a roughly hewn altar of Beogh.
 10948 | D:11     | Noticed Erolcha
 10965 | D:11     | Killed Erolcha
 10965 | D:11     | Reached skill level 10 in Shields
 11046 | D:11     | Noticed a two-headed ogre
 11660 | Orc:1    | Entered Level 1 of the Orcish Mines
 11972 | D:11     | Killed a two-headed ogre
 11972 | D:11     | Reached skill level 1 in Invocations
 11972 | D:11     | Reached XP level 12. HP: 72/75 MP: 12/12
 12545 | Orc:1    | Reached skill level 12 in Maces & Flails
 12564 | Orc:1    | Noticed a two-headed ogre
 12565 | Orc:1    | Noticed a two-headed ogre
 12583 | Orc:1    | Killed a two-headed ogre
 12583 | Orc:1    | Reached ****** piety under Okawaru
 12583 | Orc:1    | Received a gift from Okawaru
 12599 | Orc:1    | Noticed an ogre mage
 12601 | Orc:1    | Noticed a two-headed ogre
 12617 | Orc:1    | Noticed a two-headed ogre
 12621 | Orc:1    | Killed an ogre mage
 12626 | Orc:1    | Killed a two-headed ogre
 12631 | Orc:1    | Slain by a two-headed ogre

Skill      XL: |  1  2  3  4  5  6  7  8  9 10 11 12 |
---------------+-------------------------------------+-----
Shields        | 4 5 6 7 8 9 11 | 11.5
Dodging        | 1 2 3 4 |  4.9
Maces & Flails | 3 4 5 7 9 10 11 12 | 12.2
Armour         | 4 5 6 7 |  7.3
Fighting       | 4 5 6 7 8 9 |  9.0
Stealth        | 1 2 |  2.0
Throwing       | 1 2 |  2.1
Invocations    | 1 |  1.0

Action                   |  1- 3 |  4- 6 |  7- 9 | 10-12 || total
-------------------------+-------+-------+-------+-------++-------
Melee: Flail             |   114 |   263 |   551 |   486 ||  1414
       Morningstar       |       |       |       |   320 ||   320
       Great mace        |       |       |       |    19 ||    19
Throw: Tomahawk          |       |       |       |    36 ||    36
Invok: Heroism           |       |       |       |     9 ||     9
       Finesse           |       |       |       |     1 ||     1
  Use: Scroll            |       |    11 |    10 |    11 ||    32
       Potion            |       |     2 |     2 |    20 ||    24
  Eat: Chunk             |       |    10 |     8 |    18 ||    36
       Royal jelly       |       |       |     2 |       ||     2
Armor: Scale mail        |    80 |   114 |   279 |   129 ||   602
       Skin              |       |     4 |       |     1 ||     5
       Ring mail         |       |       |       |   372 ||   372
Dodge: Dodged            |    54 |    79 |   208 |   531 ||   872
Block: Shield            |    76 |   143 |   343 |   792 ||  1354
